 Dungeon Crawl Stone Soup version 0.31-a0-232-gb1c03b2570 (webtiles) character file.

Game seed: 2952479751421195586

27 qw the Shooter (level 3, -3/21 HPs)
             Began as a Gargoyle Hexslinger on July 7, 2023.
             Slain by a gnoll
             ... wielding a +0 halberd
              (10 damage)
             ... on level 2 of the Dungeon.
             The game lasted 00:00:18 (865 turns).

qw the Shooter (Gargoyle Hexslinger)                 Turns: 865, Time: 00:00:18

Health: -3/21      AC:  5    Str: 11    XL:     3   Next: 10%
Magic:  4/4        EV: 12    Int: 13    God:
Gold:   94         SH:  0    Dex: 14    Spells: 3/4 levels left

rFire   . . .        Y - +1 sling
rCold   . . .        (no shield)
rNeg    + . .        c - +0 robe
rPois   inf          (no helmet)
rElec   +            (no cloak)
rCorr   .            (no gloves)
SInv    .            (no boots)
Will    .....        (no amulet)
Stlth   +            (no ring)
HPRegen 0.23/turn    (no ring)
MPRegen 0.09/turn

%: no passive effects
@: no status effects
A: sickness immunity, AC +3, negative energy resistance 1, electricity
resistance, torment resistance 1, petrification resistance
a: no special abilities


You were on level 2 of the Dungeon.
You visited 1 branch of the dungeon, and saw 2 of its levels.

You collected 94 gold pieces.


Innate Abilities, Weirdness & Mutations

You are immune to sickness and miasma.
Your stone body is resilient. (AC +3)
You are immune to poison.
You resist negative energy. (rN+)
You are resistant to electric shocks. (rElec)
You are resistant to unholy torment.
You are immune to petrification.


   Skills:
 - Level 2.0 Fighting
 + Level 3.1 Ranged Weapons
 - Level 1.5 Dodging
 - Level 1.0 Spellcasting
 - Level 2.6 Hexes


You had 3 spell levels left.
You knew the following spells:

 Your Spells              Type           Power      Damage    Failure   Level
a - Slow                  Hex            28%        N/A       10%         1

Your spell library contained the following spells:

 Spells                   Type           Power      Damage    Failure   Level
 Inner Flame              Hex/Fire       4%         N/A       43%         3
 Portal Projectile        Hex/Tloc       8%         N/A       43%         3
 Cause Fear               Hex            3%         N/A       67%         4

Inventory:

Hand Weapons
 Y - a +1 sling (weapon)
Armour
 c - a +0 robe (worn)
Scrolls
 a - a scroll of teleportation
Potions
 b - a potion of curing {unknown}
 e - a potion of attraction {unknown}
 f - a potion of heal wounds {unknown}

Dungeon Overview and Level Annotations

Branches:
Dungeon (2/15)

Altars:
Trog


Message History

You hear a shout! x4
You shoot a sling bullet. The sling bullet hits the hobgoblin.
You kill the hobgoblin!
A gnoll comes into view. It is wielding a +0 halberd.
A goblin comes into view. It is wielding a +0 dagger.
You shoot a sling bullet. The sling bullet misses the goblin.
A goblin comes into view. It is wielding a +0 club.
The goblin unwields a +0 dagger.
The goblin wields a +0 sling.
The goblin shoots a sling bullet.
The sling bullet barely misses you.
The goblin shouts!
You shoot a sling bullet. The sling bullet hits the goblin.
The goblin is heavily wounded.
The goblin shoots a sling bullet.
The sling bullet misses you.
A gnoll comes into view. It is wielding a +0 whip.
The goblin shoots a sling bullet.
The sling bullet hits you.
An adder comes into view.
You shoot a sling bullet.
The sling bullet barely misses the goblin.
The adder hisses angrily.
A hobgoblin comes into view.
The goblin shoots a sling bullet.
The sling bullet closely misses you.
You shoot a sling bullet. The sling bullet hits the goblin.
You kill the goblin!
You shoot a sling bullet. The sling bullet hits the gnoll.
The gnoll is moderately wounded.
A gnoll comes into view. It is wielding a +3 whip.
You shoot a sling bullet. The gnoll shouts!
The sling bullet hits the gnoll.
The gnoll is heavily wounded.
The gnoll misses you.
The gnoll hits you from afar with a +0 halberd!
You shoot a sling bullet. The sling bullet hits the gnoll.
The gnoll is severely wounded.
The gnoll barely misses you.
You shoot a sling bullet. The sling bullet hits the adder.
The adder is lightly wounded.
The adder bites you but does no damage.
The gnoll hits you from afar with a +0 halberd!
You die...

#...#### ##...#
###....# ####
#...#.##
....####.#.#.#
.....#.....#...
._...g..###.....
....ggS.##......
.....##@....##...
##... #?##.##
###. ...# ..# #
.## )... .?.##
...# .... ....#


You could see 3 gnolls and an adder.

Vanquished Creatures
  A dart slug (D:1)
  3 ball pythons (D:1)
  5 endoplasms (D:1)
  3 goblins
  2 hobgoblins
  4 kobolds (D:1)
  A bat (D:2)
  2 rats (D:1)
21 creatures vanquished.

Notes
Turn   | Place    | Note
-------+----------+-------------------------------------------
     0 | D:1      | qw the Gargoyle Hexslinger began the quest for the Orb.
     0 | D:1      | Reached XP level 1. HP: 12/12 MP: 2/2
     0 | D:1      | 0 ||| qw: Version: 0.3-a-46-gb1f654a
     0 | D:1      | 0 ||| qw: Game counter: 2294
     0 | D:1      | 0 ||| qw: Melee chars always use a shield: true
     0 | D:1      | 0 ||| qw: God list: Okawaru
     0 | D:1      | 0 ||| qw: Allow faded altars: false
     0 | D:1      | 0 ||| qw: Do Orc after clearing Dungeon:15 true
     0 | D:1      | 0 ||| qw: Do second Lair branch before Depths: true
     0 | D:1      | 0 ||| qw: Lair rune preference: random
     0 | D:1      | 0 ||| qw: Goals: Normal
     0 | D:1      | 0 ||| PLANNING D:1-11
   342 | D:1      | 342 ||| FLEEEEING.
   353 | D:1      | 353 ||| FLEEEEING.
   366 | D:1      | Reached XP level 2. HP: 15/16 MP: 3/3
   397 | D:1      | Found a faded altar of an unknown god.
   411 | D:1      | Reached skill level 3 in Ranged Weapons
   600 | D:1      | Reached XP level 3. HP: 14/21 MP: 4/4
   796 | D:1      | 796 ||| READING 2 scrolls labelled TUFITH CATARIQOL.
   799 | D:1      | 799 ||| DROPPING scroll of poison.
   851 | D:2      | Found a bloodstained altar of Trog.
   865 | D:2      | Slain by a gnoll

Levels and vault maps discovered:
D:1:      beargit_arrival_diablo_church, layout_loops_ring,
          basic_ecumenical_altar, minmay_misc_feat_ornament,
          chequers_serial_rivers_small_b
D:2:      layout_rooms, basic_altar

Skill      XL: |  1  2 |
---------------+-------+-----
Ranged Weapons | 3 |  3.1
Fighting       | 2 |  2.0
Dodging        | |  1.5
Spellcasting   | |  1.0
Hexes          | |  2.6

Action                     || total
---------------------------++-------
   Fire: Sling             ||    63
    Use: Scroll            ||     1
 Armour: Robe              ||     6
  Dodge: Dodged            ||    24

Table legend:
 A = Non-vault XP
 B = Vault XP
 C = Vault XP percentage of total XP
 D = Non-vault monster count
 E = Vault monster count
 F = Vault count percentage of total count
                 A         B        C        D         E       F
            +---------+---------+-------+---------+---------+-------
      Total |      39 |       0 |   0.0 |      21 |       0 |   0.0
            +---------+---------+-------+---------+---------+-------
        D:1 |      34 |       0 |   0.0 |      18 |       0 |   0.0
        D:2 |       5 |       0 |   0.0 |       3 |       0 |   0.0
            +---------+---------+-------+---------+---------+-------
